 Dungeon Crawl Stone Soup version 0.19-a0-1493-gd0fcaa6 (webtiles) character file.

20 Leszczynek the Grave Robber (level 2, -2/29 HPs)
             Began as an Ogre Necromancer on Sept 9, 2016.
             Slain by a hound (4 damage)
             ... on level 4 of the Dungeon.
             The game lasted 00:03:02 (590 turns).

Leszczynek the Grave Robber (Ogre Necromancer)       Turns: 590, Time: 00:03:03

Health: -2/29      AC:  3    Str: 15    XL:     2   Next: 79%
Magic:  2/5        EV: 10    Int: 14    God:
Gold:   26         SH:  0    Dex: 10    Spells: 2 memorised, 3 levels left

rFire  . . .     SeeInvis .     a - +0 spear
rCold  . . .     Gourm    .     g - +0 robe
rNeg   . . .     Faith    .     (no shield)
rPois  .         Spirit   .     (helmet restricted)
rElec  .         Dismiss  .     (no cloak)
rCorr  .         Reflect  .     (gloves unavailable)
MR     .....     Harm     .     (boots unavailable)
Stlth  +.........               (no amulet)
                                (no ring)
                                i - +3 ring of strength

@: no status effects
A: unfitting armour, tough skin 1
a: no special abilities


You were on level 4 of the Dungeon.
You were not hungry.

You visited 1 branch of the dungeon, and saw 4 of its levels.

You collected 26 gold pieces.

Inventory:

Hand Weapons
 a - a +0 spear (weapon)
 f - a +0 club
Armour
 g - a +0 robe (worn)
Jewellery
 i - a +3 ring of strength (left hand)
Scrolls
 e - a scroll of fear {unknown}
 h - 2 scrolls of identify {unknown}
 k - a scroll of enchant armour {unknown}
 l - a scroll of remove curse {unknown}
Books
 b - a book of Necromancy

   Spells                             Type                      Level
   a - Pain                           Necromancy                   1
   b - Animate Skeleton               Necromancy                   1
   c - Vampiric Draining              Necromancy                   3
   d - Regeneration                   Charms/Necromancy            3
   e - Animate Dead                   Necromancy                   4
   f - Control Undead                 Necromancy                   4
Comestibles
 c - 4 chunks of flesh
 d - 3 bread rations
 j - a meat ration


   Skills:
 - Level 2.3 Fighting
 + Level 1.8 Maces & Flails
 - Level 1.7 Dodging
 - Level 1.5 Stealth
 - Level 2.4 Spellcasting
 - Level 2.9 Necromancy


You had 3 spell levels left.
You knew the following spells:

 Your Spells              Type           Power        Failure   Level  Hunger
a - Pain                  Necr           ##..         10%         1    #......
b - Animate Skeleton      Necr           N/A          10%         1    #......


Dungeon Overview and Level Annotations

Branches:
Dungeon (4/15)
 Temple: D:4-7

Altars:

Annotations:
D:1 1 runed door
D:2 Ijyb
D:3 Leszczynek's ghost, weakling OgNe


Innate Abilities, Weirdness & Mutations

You are too large for most types of armour.
You have tough skin. (AC +1)


Message History

Confirm with . or Enter, or press ? or * to list all spells.
Aiming: Pain
Press: ? - help, Shift-Dir - straight line, f/p - hound
Aim: a hound (moderately wounded, chance to defeat MR: 71%)
The hound writhes in agony!
The hound bites you.
* * * LOW HITPOINT WARNING * * *
The hound bites you.
* * * LOW HITPOINT WARNING * * *
Your orc skeleton hits the hound but does no damage.
You barely miss the hound.
The hound is moderately wounded.
The hound closely misses you.
Your orc skeleton misses the hound.
You hit the hound.
The hound is heavily wounded.
The hound closely misses you. The hound bites you.
* * * LOW HITPOINT WARNING * * *
You hit the hound.
The hound is severely wounded.
The hound bites you.
You die...

..###.....
.........#
.......# #..).#
## ##....## ##.#
##......## ##..#
#....##..###...#
##...#####.....#
##..### ##..@.#
##..## #...Zh##
##...# #...#..#
#....##
#..####..#
#.....## #..##
#.... .......##
### ......
........# .....
......<.# ...<.
#......## ....


You could see a hound and a friendly orc skeleton.

Vanquished Creatures
  A dart slug (D:1)
  An orc (D:4)
  2 goblins (D:1)
  3 hobgoblins
  3 jackals (D:1)
  A ball python (D:1)
  A giant newt (D:2)
  4 rats
16 creatures vanquished.

Notes
Turn   | Place    | Note
-------+----------+-------------------------------------------
     0 | D:1      | Leszczynek the Ogre Necromancer began the quest for the Orb.
     0 | D:1      | Reached XP level 1. HP: 16/16 MP: 3/3
     2 | D:1      | Learned a level 1 spell: Animate Skeleton
     3 | D:1      | Found a runed door.
    24 | D:1      | Reached skill level 1 in Fighting
   102 | D:1      | Reached skill level 2 in Fighting
   102 | D:1      | Reached XP level 2. HP: 4/28 MP: 0/5
   287 | D:1      | Reached skill level 1 in Maces & Flails
   368 | D:2      | Noticed Ijyb
   482 | D:3      | Noticed Leszczynek's ghost (weakling OgNe)
   589 | D:4      | HP: 1/29 [hound (3)]
   590 | D:4      | Slain by a hound

Vault maps used:
D:1:      dpeg_arrival_caged_fury
D:2:      minitemple, uniq_iyjb
D:3:      first_bread, uniq_sigmund
D:4:      cheibrodos_gnoll_hut, uniq_eustachio

Skill      XL: |  1  2 |
---------------+-------+-----
Fighting       | 2 |  2.3
Maces & Flails | 1 |  1.8
Dodging        | |  1.7
Stealth        | |  1.5
Spellcasting   | |  2.4
Necromancy     | |  2.9

Action                   || total
-------------------------++-------
Melee: Unarmed           ||     9
       Spear             ||    20
 Cast: Pain              ||    29
       Animate Skeleton  ||     2
Armor: Robe              ||     9
Dodge: Dodged            ||    22
